 Dungeon Crawl Stone Soup version 0.27-a0-1065-ge809cff456 (webtiles) character file.

Game seed: 8865418892501534277

338 leviel the Covered (level 6, -3/52 HPs)
             Began as a Hill Orc Abyssal Knight on Apr 23, 2021.
             Was a Priest of Lugonu.
             Slain by a scorpion (9 damage)
             ... on level 4 of the Dungeon.
             The game lasted 00:06:23 (3890 turns).

leviel the Covered (Hill Orc Abyssal Knight)        Turns: 3890, Time: 00:06:23

Health: -3/52      AC:  3    Str: 15    XL:     6   Next: 55%
Magic:  9/9        EV: 12    Int: 14    God:    Lugonu [***...]
Gold:   44         SH:  4    Dex: 10    Spells: 5/5 levels left

rFire    . . .     SeeInvis .   o - +0 hand axe (flame)
rCold    . . .     Faith    .   (no shield)
rNeg     . . .     Spirit   .   b - +0 leather armour
rPois    .         Reflect  .   (no helmet)
rElec    .         Harm     .   (no cloak)
rCorr    .         Rampage  .   (no gloves)
Will     .....                  (no boots)
Stlth    +.........             (no amulet)
HPRegen  0.17/turn              (no ring)
MPRegen  0.11/turn              (no ring)

@: hasted, very quick
A: large bone plates 1, subdued magic 1
a: Renounce Religion, Depart the Abyss, Bend Space, Banish


You were on level 4 of the Dungeon.
You worshipped Lugonu.
Lugonu was most pleased with you.
You visited 1 branch of the dungeon, and saw 4 of its levels.
You visited the Abyss 1 time.

You collected 44 gold pieces.

Inventory:

Hand Weapons
 a - a +1 hand axe
 k - a +1 halberd of venom
 o - a +0 hand axe of flaming (weapon)
Missiles
 j - 2 javelins
Armour
 b - a +0 leather armour (worn)
Jewellery
 e - a +4 ring of slaying
 l - a +6 ring of dexterity
 m - a ring of see invisible
Wands
 g - a wand of acid (6) (quivered)
Scrolls
 d - a scroll of identify
 f - a scroll of teleportation
 i - a scroll of vulnerability {unknown}
Potions
 c - a potion of brilliance


   Skills:
 - Level 3.7 Fighting
 + Level 4.4 Axes
 + Level 4.5 Armour
 + Level 3.0 Dodging
 - Level 4.0 Invocations


You had 5 spell levels left.
You didn't know any spells.
Your spell library was empty.

Dungeon Overview and Level Annotations

Branches:
Dungeon (4/15)
 Temple: D:4-7

Altars:
Xom

Shops:
D:3 (

Annotations:
D:3 Sigmund


Innate Abilities, Weirdness & Mutations

You are partially covered in large bone plates. (SH +4)
Your spells are a little easier to cast, but a little less powerful.


Message History

You barely miss the quokka.
The quokka twitches its whiskers.
The quokka barely misses you. The phantom hits you!
You hit the phantom. You burn the phantom.
You destroy the phantom!
Lugonu accepts your kill.
You barely miss the quokka. The quokka barely misses you.
Your Dodging skill increases to level 3!
The quokka misses you. The quokka barely misses you.
Found a +0 dagger.
You barely miss the hobgoblin. The hobgoblin hits you.
You hit the hobgoblin. You burn the hobgoblin.
The hobgoblin is moderately wounded.
The hobgoblin hits you.
* * * LOW HITPOINT WARNING * * *
The hobgoblin barely misses you.
You hit the hobgoblin but do no damage.
The hobgoblin is moderately wounded.
The hobgoblin hits you.
* * * LOW HITPOINT WARNING * * *
You hit the hobgoblin. You burn the hobgoblin.
You kill the hobgoblin!
Lugonu accepts your kill.
You miss the quokka. The quokka bites you.
* * * LOW HITPOINT WARNING * * *
You barely miss the quokka. The quokka misses you.
The quokka bites you but does no damage.
You hit the quokka. You burn the quokka.
You kill the quokka!
Lugonu accepts your kill.
You can now banish your foes.
You barely miss the scorpion. The scorpion closely misses you.
You hit the scorpion. You burn the scorpion.
The scorpion is lightly wounded.
The scorpion closely misses you. The scorpion stings you.
* * * LOW HITPOINT WARNING * * *
You barely miss the scorpion.
The scorpion is lightly wounded.
The scorpion closely misses you.
You feel yourself speed up. The scorpion stings you!
You die...

.....### .. .....#.. .
.....#.# .# ........
.## .......K ..#
.....$.. #.# ........
#.# #####... #@#
###...#. #s# ....###K
...###g##### ).######.
#.........###.# #....
######.##g....####.###
#....).###......#
#.)..#gs....#w...
#..†.###....#...n
#....# #....##)..


You could see a scorpion and a hobgoblin.

Vanquished Creatures
  A necrophage (D:4)
  A phantom (D:4)
  3 gnolls (D:2)
  3 adders
  An ufetubus (D:4)
  A worm (D:2)
  7 orcs
  9 endoplasms
  8 giant cockroaches
  4 goblins (D:1)
  9 hobgoblins
  10 jackals
  7 quokkas
  3 ball pythons
  5 bats
  5 frilled lizards
  10 kobolds
  3 rats (D:2)
90 creatures vanquished.

Notes
Turn   | Place    | Note
-------+----------+-------------------------------------------
     0 | Abyss:1  | leviel the Hill Orc Abyssal Knight began the quest for the
                  | Orb.
     0 | Abyss:1  | Reached XP level 1. HP: 19/19 MP: 2/2
    28 | Abyss:1  | Found a hazy altar of Hepliaklqana.
    84 | Abyss:1  | Noticed a spatial vortex
    84 | Abyss:1  | Noticed a spatial maelstrom
    84 | Abyss:1  | Noticed a spatial vortex
    85 | D:1      | Escaped the Abyss
   204 | D:1      | Reached skill level 1 in Dodging
   381 | D:1      | Reached XP level 2. HP: 26/27 MP: 4/4
   584 | D:1      | Reached * piety under Lugonu
  1110 | D:1      | Reached XP level 3. HP: 29/33 MP: 5/5
  1338 | D:1      | Found a faded altar of an unknown god.
  1846 | D:2      | Reached XP level 4. HP: 40/40 MP: 6/6
  2092 | D:2      | Reached ** piety under Lugonu
  2591 | D:2      | Gained mutation: Your spells are a little easier to cast,
                  | but a little less powerful. [potion of mutation]
  2591 | D:2      | Gained mutation: You are partially covered in iridescent
                  | scales. (AC +2) [potion of mutation]
  2592 | D:2      | Lost mutation: You are partially covered in iridescent
                  | scales. (AC +2) [potion of mutation]
  2592 | D:2      | Lost mutation: Your spells are a little easier to cast, but
                  | a little less powerful. [potion of mutation]
  2592 | D:2      | Gained mutation: Your spells are a little easier to cast,
                  | but a little less powerful. [potion of mutation]
  2592 | D:2      | Gained mutation: You are partially covered in large bone
                  | plates. (SH +4) [potion of mutation]
  2906 | D:3      | Reached XP level 5. HP: 46/46 MP: 8/8
  3029 | D:3      | Found a shimmering altar of Xom.
  3297 | D:3      | Noticed Sigmund
  3314 | D:3      | Found Omul's Antique Weapon Shoppe.
  3318 | D:3      | HP: 1/46 [frozen (5)]
  3334 | D:4      | HP: 2/46 [giant cockroach (1)]
  3337 | D:4      | Noticed a necrophage
  3337 | D:4      | Noticed a phantom
  3352 | D:4      | HP: 2/46 [scorpion (2)]
  3363 | D:4      | HP: 2/46 [giant cockroach (2)]
  3656 | D:4      | Reached *** piety under Lugonu
  3707 | D:4      | Killed a necrophage
  3708 | D:4      | Reached XP level 6. HP: 26/52 MP: 5/9
  3890 | D:4      | Slain by a scorpion

Illustrated notes

Levels and vault maps discovered:
D:1:      amcnicky_arrival_double_pillar, layout_basic,
          ebering_ecumenical_altar_ruins, corexii_corridor_pit,
          roderic_lattice_a, chequers_serial_rivers_room_b
D:2:      layout_basic, minmay_tall_x
D:3:      layout_rooms, old_standard_altar, serial_shops, nicolae_shop_crystal,
          shop, shop, nicolae_shop_waterfront, uniq_sigmund
D:4:      layout_rooms, lemuel_mausoleum_altar_yredelemnul,
          small_statue_alley_b, minmay_bent, uniq_crazy_yiuf_cottage

Skill      XL: |  1  2  3  4  5  6 |
---------------+-------------------+-----
Dodging        | 1 2 3 |  3.0
Invocations    | 3 4 |  4.0
Armour         | 3 4 |  4.5
Axes           | 3 4 |  4.4
Fighting       | |  3.7

Action                   |  1- 3 |  4- 6 || total
-------------------------+-------+-------++-------
Melee: Hand axe          |    73 |   133 ||   206
       Halberd           |       |    68 ||    68
Throw: Javelin           |     2 |       ||     2
Invok: Depart the Abyss  |     1 |       ||     1
       Banish            |       |     1 ||     1
Evoke: Wand              |     2 |       ||     2
  Use: Potion            |     1 |     4 ||     5
       Scroll            |       |     9 ||     9
 Stab: Distracted        |       |     1 ||     1
Armor: Leather armour    |    20 |    54 ||    74
Dodge: Dodged            |    50 |   143 ||   193
Block: Other             |       |    10 ||    10

Table legend: (Time is in decaauts)
 A = Elapsed time spent in this place.
 B = Non-inter-level travel time spent in this place.
 C = Inter-level travel time spent in this place.
 D = Time resting spent in this place.
 E = Time spent auto-exploring this place.
 F = Levels seen in this place.
 G = Mean time per level.
                   A        B        C        D        E       F      G
               +--------+--------+--------+--------+--------+-----+--------+
         Total |   3953 |   3820 |    133 |    670 |   2469 |   5 |  790.6 |
       Dungeon |   3868 |   3735 |    133 |    670 |   2386 |   4 |  967.0 |
         Abyss |     85 |     85 |      0 |      0 |     83 |   1 |   85.0 |
               +--------+--------+--------+--------+--------+-----+--------+

Top non-repeatable levels by time:
     D:1: 1453 daAuts
     D:2: 1404 daAuts
     D:4: 572 daAuts
     D:3: 437 daAuts
 Abyss:1: 85 daAuts
